Map: Port Aleksander LE

Players

Stephano - Winner!

  • Race: Zerg Zerg
  • Spawn Location: 11:00

Harstem

  • Race: Protoss Protoss
  • Spawn Location: 5:00

Event: IEM Season 13: Katowice (2019)

VOD

Have the link to the VOD?

Description

Time

  • Played on: Feb. 25, 2019, 9:48 a.m.
  • Length: 20:21

All games in this series

Show
View Real Time Build Order
Export as new Build Order

Stephano Zerg - Winner!

Build Orders: Hatch First, Lurkers, Roach Hydra 

Get SALT Encoding   

  12  0:00  Drone  
  13  0:12  Overlord  
  13  0:17  Drone  
  14  0:30  Drone x2  
  16  0:49  Hatchery  
  15  0:53  Drone  
  15  0:56  Drone  
  17  1:00  Drone  
  18  1:10  Extractor  
  17  1:15  Spawning Pool  
  17  1:18  Drone  
  17  1:21  Drone  
  18  1:28  Drone  
  19  1:40  Drone  
  20  1:49  Drone  
  21  2:00  Overlord  
  21  2:01  Queen  
  21  2:02  Queen, Zergling x2  
  26  2:11  Drone  
  26  2:12  Drone  
  28  2:24  Hatchery  
  28  2:26  Drone  
  28  2:29  Drone  
  29  2:34  Drone  
  30  2:38  Queen  
  32  2:44  Overlord  
  32  2:46  Drone  
  32  2:50  Drone  
  34  2:57  Drone  
  35  3:00  Drone  
  36  3:07  Drone  
  36  3:09  Metabolic Boost  
  36  3:11  Drone  
  36  3:12  Drone x2  
  39  3:13  Drone  
  39  3:14  Drone x2  
  39  3:19  Overlord  
  42  3:22  Queen  
  44  3:35  Queen  
  44  3:38  Zergling x4  
  44  3:39  Drone x2  
  44  3:41  Drone x2  
  52  3:43  Drone x2  
  52  3:47  Overlord  
  54  3:49  Drone  
  54  3:51  Drone  
  54  3:52  Drone  
  54  3:53  Drone  
  58  3:58  Lair  
  58  3:59  Spore Crawler  
  58  4:01  Spore Crawler  
  56  4:06  Spore Crawler  
  56  4:09  Zergling x8  
  59  4:16  Queen  
  61  4:21  Extractor, Drone  
  61  4:22  Extractor, Roach Warren  
  61  4:23  Zergling x2  
  60  4:25  Zergling x4  
  62  4:32  Zergling x2  
  62  4:33  Zergling x6  
  62  4:37  Overlord  
  66  4:43  Overlord  
  66  4:55  Drone  
  66  4:56  Drone x7  
  73  5:04  Drone x2  
  75  5:08  Drone x4  
  75  5:10  Drone  
  75  5:13  Glial Reconstitution  
  76  5:15  Overlord  
  76  5:19  Drone x4  
  80  5:24  Overlord  
  80  5:25  Overlord  
  80  5:32  Roach, Overlord  
  80  5:33  Roach x2  
  81  5:37  Roach x2  
  81  5:42  Evolution Chamber, Extractor  
  84  5:43  Roach, Extractor  
  84  5:45  Roach x2  
  84  5:48  Roach x2, Extractor  
  84  5:49  Roach x2  
  95  5:51  Roach  
  95  5:54  Roach  
  95  5:55  Roach  
  101  5:59  Roach  
  101  6:00  Roach  
  101  6:04  Roach x3  
  111  6:06  Overseer  
  111  6:10  Zerg Missile Weapons Level 1  
  108  6:18  Drone x4  
  112  6:23  Overlord  
  112  6:26  Drone  
  112  6:28  Overlord  
  112  6:29  Hydralisk Den  
  110  6:33  Overlord  
  110  6:39  Overlord  
  110  6:40  Overlord  
  110  6:47  Hatchery  
  110  6:49  Drone x7  
  110  6:52  Overlord  
  116  6:57  Overlord  
  116  7:01  Hydralisk, Grooved Spines  
  116  7:03  Hydralisk, Zergling x2  
  121  7:10  Roach x2  
  121  7:14  Hydralisk x3  
  131  7:20  Hydralisk, Infestation Pit  
  132  7:22  Hydralisk  
  132  7:24  Hydralisk  
  132  7:29  Drone x3  
  140  7:32  Hydralisk  
  140  7:34  Nydus Network  
  141  7:38  Overlord  
  141  7:39  Overlord x2  
  141  7:53  Hatchery  
  141  7:54  Hydralisk x3  
  141  7:57  Pneumatized Carapace  
  147  7:59  Hydralisk  
  147  8:01  Hatchery  
  147  8:04  Hydralisk x2  
  152  8:12  Hydralisk x3  
  152  8:19  Zerg Missile Weapons Level 2  
  158  8:22  Overseer  
  158  8:26  Muscular Augments  
  156  8:27  Overseer  
  156  8:28  Overlord  
  156  8:29  Overseer  
  156  8:32  Hydralisk, Overlord  
  158  8:38  Hydralisk x2  
  158  8:41  Hydralisk x2  
  162  8:45  Hydralisk  
  162  8:46  Zergling x2  
  169  8:49  Hydralisk  
  170  9:02  Hydralisk x5  
  170  9:05  Nydus Canal  
  180  9:16  Hydralisk, Overlord  
  180  9:17  Hydralisk x4  
  180  9:19  Nydus Canal  
  180  9:23  Drone x2, Infestation Pit  
  180  9:24  Drone  
  188  9:39  Hydralisk x5  
  188  9:42  Nydus Canal  
  188  10:01  Hydralisk x9  
  196  10:10  Extractor, Nydus Network  
  196  10:11  Extractor  
  193  10:15  Overseer  
  193  10:17  Nydus Canal  
  193  10:25  Drone x6  
  199  10:30  Overseer, Spine Crawler  
  199  10:31  Overlord  
  198  10:47  Hive  
  198  10:50  Spire  
  197  10:58  Overlord  
  197  10:59  Nydus Canal  
  195  11:07  Hydralisk x3  
  199  11:12  Overlord  
  195  11:31  Spine Crawler  
  195  11:32  Spine Crawler x2, Spore Crawler  
  191  11:34  Spore Crawler  
  187  11:46  Spore Crawler  
  182  11:56  Lurker Den  
  181  12:08  Zergling x8  
  175  12:18  Hydralisk  
  175  12:19  Hydralisk x12  
  175  12:21  Zerg Missile Weapons Level 3  
  198  12:25  Evolution Chamber  
  197  12:32  Spire  
  192  12:43  Lair  
  185  12:48  Drone  
  185  12:49  Drone x5  
  185  12:50  Spine Crawler  
  188  12:53  Spine Crawler  
  188  12:54  Hydralisk  
  188  12:55  Hydralisk x7  
  197  13:04  Spine Crawler  
  191  13:27  Zergling x20  
  191  13:34  Overlord  
  188  13:38  Overlord  
  188  13:41  Overlord x2  
  148  13:56  Lurker x10  
  148  13:58  Lurker, Spore Crawler  
  148  13:59  Lurker x3  
  148  14:01  Drone x15  
  176  14:03  Extractor, Drone  
  176  14:05  Extractor  
  176  14:09  Overseer  
  175  14:22  Overseer  
  175  14:27  Drone x6  
  168  14:46  Zergling x6  
  167  14:55  Infestation Pit  
  167  14:56  Hydralisk x8  
  167  14:58  Overseer  
  177  15:21  Overseer  
  177  15:24  Hydralisk  
  177  15:28  Overseer  
  168  15:31  Hydralisk x4  
  168  15:32  Hydralisk x3  
  182  15:46  Hydralisk x8  
  195  15:56  Hydralisk  
  195  15:57  Hydralisk x3  
  175  15:59  Hydralisk  
  167  16:11  Hydralisk x5  
  161  16:18  Hydralisk x2  
  157  16:24  Hydralisk  
  121  16:26  Hydralisk  
  121  16:29  Hydralisk  
  97  16:36  Hydralisk  
  92  16:45  Drone x7  
  99  16:56  Hydralisk  
  101  17:10  Hydralisk x9  
  101  17:14  Overseer  
  119  17:22  Hydralisk, Lurker x2  
  123  17:35  Spawning Pool  
  122  17:41  Hydralisk x7  
  136  17:44  Hydralisk  
  136  17:48  Extractor  
  137  18:05  Hydralisk x8  
  153  18:15  Hydralisk x4  
  161  18:33  Hydralisk x6  
  175  18:43  Overlord x2  
  175  18:46  Hive  
  173  18:52  Lurker  
  174  19:20  Overlord  
  174  19:22  Overseer x2  
  174  19:27  Hydralisk x6  
  184  19:32  Zergling x12  
  174  19:39  Hydralisk  
  174  19:40  Hydralisk x2  
  176  19:50  Hydralisk x4  
  174  19:57  Hydralisk  
Show
View Real Time Build Order
Export as new Build Order

Harstem Protoss 

Build Orders: Nexus First, Archon Immortal, Archon Drop, Dark Templar Rush 

Get SALT Encoding   

  12  0:00  Probe  
  13  0:13  Probe  
  14  0:18  Pylon  
  14  0:25  Probe  
  15  0:33  Probe  
  15  0:41  Probe  
  17  1:00  Nexus  
  17  1:09  Probe  
  17  1:10  Gateway  
  17  1:17  Probe  
  18  1:23  Assimilator  
  19  1:27  Probe, Assimilator  
  20  1:39  Probe, Pylon  
  21  1:51  Probe  
  22  1:58  Cybernetics Core  
  22  2:01  Probe  
  23  2:08  Probe  
  23  2:09  Probe  
  25  2:16  Probe  
  25  2:17  Probe  
  27  2:26  Probe  
  29  2:30  Probe  
  29  2:34  Stalker  
  29  2:35  Warp Gate  
  31  2:38  Probe  
  31  2:41  Twilight Council  
  31  2:42  Probe  
  33  2:50  Probe  
  34  2:53  Gateway  
  34  2:54  Probe  
  35  3:03  Probe, Robotics Facility  
  36  3:06  Probe  
  37  3:15  Probe  
  37  3:18  Probe  
  39  3:26  Dark Shrine  
  39  3:27  Zealot, Probe  
  39  3:30  Probe, Pylon  
  43  3:35  Gateway  
  43  3:37  Gateway  
  43  3:39  Warp Prism  
  44  3:42  Assimilator  
  44  3:45  Probe  
  45  3:51  Assimilator  
  45  3:53  Probe  
  47  3:58  Probe  
  47  4:01  Pylon x2  
  48  4:06  Warp Prism  
  49  4:10  Probe  
  49  4:14  Probe  
  52  4:22  Pylon, Probe  
  53  4:26  Probe  
  54  4:40  Dark Templar x4  
  62  4:55  Nexus  
  62  4:57  Pylon  
  62  5:01  Probe x2  
  64  5:14  Dark Templar x2  
  64  5:15  Dark Templar, Probe  
  64  5:17  Shield Battery  
  64  5:20  Archon x2  
  71  5:22  Archon  
  71  5:23  Dark Templar  
  71  5:26  Immortal  
  73  5:28  Archon  
  73  5:35  Probe x2  
  75  5:39  Forge, Pylon  
  75  5:42  Charge  
  79  5:47  Pylon, Probe  
  80  5:51  Sentry  
  80  5:52  Zealot  
  80  5:53  Probe  
  85  5:59  Protoss Ground Weapons Level 1, Probe  
  85  6:03  Observer  
  86  6:05  Probe  
  86  6:07  Probe x2  
  90  6:14  Zealot x2, Probe  
  90  6:15  Sentry, Probe  
  90  6:16  Pylon  
  90  6:17  Probe  
  97  6:21  Immortal  
  97  6:23  Probe  
  97  6:24  Zealot, Probe  
  103  6:33  Probe  
  103  6:35  Probe  
  103  6:36  Probe  
  110  6:45  Probe  
  111  6:47  Probe  
  111  6:49  Probe, Assimilator  
  111  6:52  Gateway, Pylon  
  113  6:55  Assimilator  
  113  6:57  Probe  
  114  7:02  Gateway  
  114  7:03  Gateway  
  114  7:06  Immortal  
  118  7:14  Probe  
  119  7:16  Probe  
  119  7:18  Stalker  
  122  7:23  Gateway  
  122  7:26  Pylon  
  122  7:33  Zealot x3  
  122  7:35  Pylon, Protoss Ground Weapons Level 2  
  128  7:40  Pylon  
  128  7:43  Immortal, Gateway  
  128  7:45  Gateway  
  132  7:53  Pylon  
  132  7:57  Templar Archives  
  132  8:04  Sentry  
  134  8:13  Zealot x3  
  134  8:14  Immortal  
  134  8:16  Pylon  
  140  8:23  Psionic Storm  
  144  8:30  Photon Cannon x2  
  144  8:31  Shield Battery  
  144  8:33  Photon Cannon  
  144  8:35  Photon Cannon  
  144  8:36  High Templar x4  
  144  8:37  Shield Battery  
  144  8:41  Zealot x4, High Templar  
  154  8:43  Stargate  
  162  8:53  Immortal  
  166  9:00  Probe  
  166  9:02  Photon Cannon x2  
  163  9:07  Shield Battery  
  163  9:08  Zealot x4  
  171  9:16  Zealot  
  173  9:21  Phoenix  
  171  9:36  Dark Templar x4  
  169  9:40  Pylon  
  169  9:41  Pylon  
  169  9:43  Archon  
  169  9:44  Immortal, Pylon x2  
  169  9:57  Protoss Ground Weapons Level 3  
  165  10:01  Zealot x2  
  165  10:02  Zealot x4  
  175  10:26  Zealot x3  
  181  10:28  Zealot  
  179  10:47  Warp Prism, High Templar x2  
  179  10:48  High Templar x3  
  189  10:50  Fleet Beacon  
  189  10:53  Pylon, Archon x2  
  189  10:54  Photon Cannon  
  189  10:56  Photon Cannon  
  189  10:57  Photon Cannon  
  181  11:06  Zealot x4  
  181  11:10  Immortal  
  165  11:17  Mothership  
  161  11:24  Zealot  
  161  11:25  Dark Templar, Zealot  
  171  11:27  Zealot x3  
  171  11:28  Zealot x3  
  185  11:47  Warp Prism  
  185  11:48  Photon Cannon  
  185  11:50  Shield Battery  
  185  11:51  Pylon  
  185  11:53  Zealot x3  
  181  12:07  Zealot x6  
  189  12:12  High Templar  
  189  12:15  High Templar x2  
  188  12:27  High Templar  
  188  12:34  Zealot x3  
  184  12:47  Observer  
  184  12:49  High Templar x4  
  184  12:50  Dark Templar x2  
  170  12:55  Archon x3  
  170  12:58  Zealot x3  
  169  12:59  Protoss Ground Armor Level 1  
  173  13:23  Nexus  
  164  13:36  Zealot x10  
  176  13:49  Photon Cannon  
  176  13:58  High Templar x4  
  176  14:01  Dark Templar x2, Zealot  
  176  14:02  Zealot x3  
  196  14:11  Oracle  
  194  14:19  Observer  
  196  14:25  Dark Templar x2  
  198  14:34  Nexus  
  198  14:37  Zealot x3  
  200  14:57  Zealot x2  
  194  15:02  Pylon  
  194  15:05  Zealot x3  
  200  15:13  Dark Templar, Assimilator  
  200  15:14  Dark Templar  
  200  15:17  Dark Templar  
  200  15:25  Assimilator  
  200  15:27  Observer  
  184  15:34  High Templar x4  
  184  15:35  Zealot x3  
  194  15:40  Archon x2  
  176  15:57  Zealot x6  
  176  16:10  Zealot x4  
  134  16:28  Zealot x6  
  115  16:37  Immortal  
  115  16:38  High Templar x2  
  115  16:39  High Templar x2  
  112  16:50  Dark Templar, High Templar x2, Oracle  
  112  16:51  Zealot  
  120  16:56  Archon  
  122  17:02  Zealot  
  122  17:06  Immortal  
  124  17:12  Mothership  
  124  17:18  Dark Templar  
  130  17:39  Observer  
  138  17:45  Nexus  
  137  17:56  Robotics Facility  
  137  18:01  Immortal  
  141  18:17  Dark Templar x2, Zealot x2  
  141  18:18  Zealot  
  151  18:22  Archon  
  145  18:39  High Templar  
  145  18:40  Immortal, Zealot x6  
  161  18:50  Immortal  
  149  19:17  Zealot x7  
  149  19:18  Zealot x2  
  163  19:24  Observer  
  159  19:37  Zealot x3  
  159  19:38  Zealot  
  152  19:44  Observer  
  140  19:48  Zealot x3  
  139  19:56  Zealot  
  139  19:58  High Templar  
  133  20:07  Zealot x2  
  94  20:16  Zealot x2  

Tags
 
Add a new tag
Caveats
  • Supply blocks, unpowered buildings, or Contaminate may cause inaccurate times.
  • Supply counts are checked every 10 seconds.